 Dungeon Crawl Stone Soup version 0.16-a0-4088-g7c8221e (console) character file.

1183 MarvinPA the Slasher (level 8, -8/56 HPs)
             Began as a Mummy Warper on Feb 23, 2015.
             Mangled by Prince Ribbit (13 damage)
             ... on level 6 of the Dungeon.
             The game lasted 00:18:21 (8213 turns).

MarvinPA the Slasher (Mummy Warper)                 Turns: 8213, Time: 00:18:21

Health: -8/56      AC:  5    Str: 20    XL:     8   Next: 19%
Magic:  6/14       EV: 13    Int: 12    God:
Gold:   286        SH:  4    Dex: 11    Spells: 4 memorised, 3 levels left

rFire  x . .     SeeInvis +     b - +2 dagger (venom)
rCold  + . .     Clarity  .     n - +0 robe
rNeg   + + +     SustAb   .     q - +0 buckler
rPois  ∞         Gourm    .     r - +0 helmet
rElec  .         Spirit   .     (no cloak)
rCorr  .         Warding  .     g - +0 pair of gloves
rMut   .         Stasis   .     i - +0 pair of boots (curse)
MR     ++...                    (no amulet)
Stlth  +.........               x - ring of Divine Compulsion {Contam rN+ Str+4 SInv}
                                l - ring of protection from magic

@: very slightly contaminated, very resistant to hostile enchantments, very
unstealthy
A: no food or potions, fire vulnerability, restore body, cold resistance 1,
negative energy resistance 3, poison resistance, torment resistance, unbreathing
a: no special abilities


You were on level 6 of the Dungeon.
You were not hungry.

You visited 1 branch of the dungeon, and saw 6 of its levels.

You collected 286 gold pieces.


Innate Abilities, Weirdness & Mutations

You do not eat or drink.
Your flesh is vulnerable to fire.
Your flesh is cold resistant.
You are immune to negative energy.
Your system is resistant to poisons.
You are immune to unholy pain and torment.
You can survive without breathing.


   Skills:
 + Level 2.1 Fighting
 - Level 4.5 Long Blades
 - Level 0.7 Throwing
 - Level 0.7 Armour
 + Level 3.6 Dodging
 - Level 4.0 Shields
 - Level 2.5 Spellcasting
 - Level 3.0 Charms
 - Level 3.1 Translocations


You had 3 spell levels left.
You knew the following spells:

 Your Spells              Type           Power        Failure   Level  Hunger
a - Shroud of Golubria    Chrm/Tloc      #.........   12%         2    N/A
b - Blink                 Tloc           N/A          12%         2    N/A
e - Apportation           Tloc           #.........   10%         1    N/A
t - Control Teleport      Chrm/Tloc      #.........   78%         4    N/A

Inventory:

Hand weapons
 a - a +0 long sword
 b - a +2 dagger of venom (weapon)
Missiles
 e - 5 tomahawks of dispersal {=f}
 j - 32 poisoned needles
 m - 226 stones (quivered)
Armour
 g - a +0 pair of gloves (worn)
 i - a cursed +0 pair of boots (worn)
 n - a +0 robe (worn)
 q - a +0 buckler (worn)
 r - a +0 helmet (worn)
Jewellery
 l - a ring of protection from magic (left hand)
 p - a ring of flight
 t - a ring of invisibility
 x - the ring of Divine Compulsion (right hand) {Contam rN+ Str+4 SInv}
   (You took it off an orc on level 4 of the Dungeon)

   [ring of see invisible]

   It affects your strength (+4).
   It protects you from negative energy.
   It enhances your eyesight.
   It causes magical contamination when unequipped.
Magical devices
 s - a wand of frost (14)
 u - a wand of teleportation (3) {!d@v4}
Scrolls
 d - 5 scrolls of blinking
 f - 3 scrolls of identify {@r1}
 h - 4 scrolls of remove curse
Books
 c - a book of Spatial Translocations
 k - a book of Geomancy
 v - a book of Control
 w - the Grimoire of Calling
   (You found it on level 5 of the Dungeon)

   Spells                             Type                      Level
   a - Summon Butterflies             Summoning                    1
   b - Summon Small Mammal            Summoning                    1
   c - Recall                         Summoning/Translocation      3
   d - Summon Demon                   Summoning                    5

Dungeon Overview and Level Annotations

Branches:
Dungeon (6/15)             Temple (0/1) D:6

Altars:
Fedhas
Nemelex Xobeh
Okawaru

Annotations:
D:6 Prince Ribbit

#######.##.#..
...#.........
#####
#.#.#.##.#..
#...#
#...#.##.#..
#.⌠.#
#.###.##.###
####...###.#
#.##.#
#.....#....#
#.##+#
#.⌠F.>..⌠..#
#..
#...M......#
#..
####...###.#
#.. #.⌠.# #.#
#.# #...# #.#
...### ###
.... ... ....
..%


You could see Prince Ribbit.


Message History

Prince Ribbit is lightly wounded.
Prince Ribbit hits you but does no damage.
You miss Prince Ribbit.
Prince Ribbit is lightly wounded.
Prince Ribbit hits you!!
* * * LOW HITPOINT WARNING * * *
You completely miss Prince Ribbit.
Prince Ribbit is lightly wounded.
Prince Ribbit hits you but does no damage.
Prince Ribbit hits you!!
* * * LOW HITPOINT WARNING * * *
Your shroud falls apart!
Cast which spell?
You blink.
Evoke which item? (* to show all) (? for menu, Esc to quit)
Okay, then.
Read which item? (? for menu, Esc to quit)
Okay, then.
Evoke which item? (* to show all) (? for menu, Esc to quit)
Okay, then.
Read which item? (? for menu, Esc to quit)
As you read the scroll of teleportation {@r4}, it crumbles to dust.
You feel strangely unstable.
Prince Ribbit catches a blue-tailed skink with his tongue.
Prince Ribbit catches a millipede with his tongue.
Cast which spell?
You blink.
Your surroundings seem slightly different.
Prince Ribbit hits you!
You die...

Action                   |  1- 3 |  4- 6 |  7- 9 || total
-------------------------+-------+-------+-------++-------
Melee: Falchion          |    12 |    14 |     6 ||    32
       Dagger            |   128 |   280 |   188 ||   596
       Long sword        |       |       |     8 ||     8
Throw: Stone             |       |    18 |     7 ||    25
 Cast: Shroud of Golubri |       |     5 |    17 ||    22
       Blink             |       |     3 |     3 ||     6
  Use: Scroll            |       |     5 |     2 ||     7
 Stab: Sleeping          |     1 |       |       ||     1

Vault maps used:
D:1:      minmay_arrival_nine_rooms
D:2:      lemuel_coloured_pillars_altar
D:3:      lemuel_crystal_altar, first_bread, nemelex_spade_bored_becter,
          uniq_terence, uniq_natasha
D:4:      okawaru_metal_pillars_3, uniq_menkaure
D:5:      uniq_grinder, uniq_iyjb
D:6:      minmay_temple_entry_junction, basic_altar, minmay_misc_feat_enclosed,
          nicolae_underground_beach, uniq_prince_ribbit1

Notes
Turn   | Place    | Note
--------------------------------------------------------------
     0 | D:1      | MarvinPA, the Mummy Warper, began the quest for the Orb.
     0 | D:1      | Reached XP level 1. HP: 16/16 MP: 3/3
    87 | D:1      | Reached skill level 2 in Long Blades
   102 | D:1      | Reached XP level 2. HP: 15/22 MP: 4/4
   208 | D:1      | Learned a level 2 spell: Blink
   211 | D:1      | Learned a level 2 spell: Shroud of Golubria
   710 | D:1      | Reached XP level 3. HP: 19/27 MP: 6/6
  1208 | D:2      | Reached skill level 3 in Long Blades
  1208 | D:2      | Reached skill level 1 in Charms
  1340 | D:2      | Found a sparkling altar of Nemelex Xobeh.
  1737 | D:2      | Reached XP level 4. HP: 20/33 MP: 7/7
  1893 | D:1      | Reached skill level 2 in Dodging
  2419 | D:3      | Found a blossoming altar of Fedhas.
  2475 | D:3      | Noticed an ogre
  2477 | D:3      | Noticed Terence
  2508 | D:3      | Killed an ogre
  2508 | D:3      | Reached skill level 3 in Dodging
  2508 | D:3      | Reached XP level 5. HP: 38/38 MP: 7/9
  2537 | D:3      | Killed Terence
  2709 | D:3      | Noticed Natasha
  2724 | D:3      | Killed Natasha
  2724 | D:3      | Reached skill level 4 in Long Blades
  3003 | D:3      | Noticed Natasha
  3233 | D:3      | Killed Natasha
  3233 | D:3      | Reached XP level 6. HP: 37/44 MP: 10/10
  3391 | D:3      | Found a sparkling altar of Nemelex Xobeh.
  3649 | D:3      | Found a blossoming altar of Fedhas.
  3745 | D:3      | Noticed Natasha
  3747 | D:3      | Killed Natasha
  3777 | D:3      | Found a sparkling altar of Nemelex Xobeh.
  4336 | D:4      | Noticed Menkaure
  4351 | D:4      | HP: 2/44 [Menkaure (18)]
  4356 | D:4      | ouch
  4680 | D:4      | Found an iron altar of Okawaru.
  4733 | D:4      | Got a dull robe
  4744 | D:4      | Identified the cursed -2 robe "Culoj" {+Blink rElec MP-9 Int+6} (You found it on level 4 of the Dungeon)
  5053 | D:5      | Entered Level 5 of the Dungeon
  5775 | D:5      | Identified a wand of teleportation (You found it on level 5 of the Dungeon)
  5888 | D:5      | Noticed Grinder
  5933 | D:4      | HP: 3/44 [iguana (10)]
  5948 | D:4      | Reached XP level 7. HP: 5/50 MP: 10/12
  6244 | D:5      | Paralysed by Grinder for 3 turns
  6280 | D:5      | Killed Grinder
  6280 | D:5      | Reached skill level 1 in Shields
  6280 | D:5      | Reached skill level 2 in Charms
  6401 | D:5      | Reached skill level 2 in Shields
  6456 | D:5      | Reached skill level 3 in Charms
  6835 | D:5      | Noticed Ijyb
  6847 | D:5      | Killed Ijyb
  6847 | D:5      | Reached skill level 3 in Translocations
  6889 | D:5      | Identified the Grimoire of Calling
  6947 | D:5      | Reached skill level 3 in Shields
  7187 | D:4      | Reached XP level 8. HP: 48/56 MP: 14/14
  7406 | D:4      | Killed Menkaure
  7782 | D:3      | Reached skill level 4 in Shields
  7993 | D:4      | Got a translucent iron ring
  7996 | D:4      | Identified the ring of Divine Compulsion {Contam rN+ Str+4 SInv} (You took it off an orc on level 4 of the Dungeon)
  8149 | D:6      | Learned a level 4 spell: Control Teleport
  8194 | D:6      | Found a staircase to the Ecumenical Temple.
  8195 | D:6      | Noticed Prince Ribbit
  8206 | D:6      | HP: 4/56 [Prince Ribbit (18)]
  8213 | D:6      | Mangled by Prince Ribbit

Vanquished Creatures
  Grinder (D:5)
  Menkaure (D:4)
  2 ogres
  A phantom (D:5)
  2 orc wizards (D:4)
  2 orc priests
  2 hounds
  2 iguanas
  Natasha (thrice) (D:3)
  A worker ant (D:4)
  Ijyb (D:5)
  Terence (D:3)
  8 gnolls
  8 adders
  2 giant mites
  3 worms
  2 giant geckos
  An ooze (D:4)
  15 orcs
  2 bat skeletons
  14 goblins
  11 hobgoblins
  15 jackals
  13 kobolds
  2 quokkas (D:2)
  A ball python (D:5)
  10 bats
  6 giant cockroaches
  3 giant newts
  7 rats
142 creatures vanquished.
